 Dungeon Crawl Stone Soup version 0.32-a0-928-g1cae6b7ea0 (webtiles) character file.

Game seed: 13271537994992893016

98 Zonian the Digger (level 4, -1/24 HPs)
             Began as a Gargoyle Earth Elementalist on Apr 13, 2024.
             Slain by an orc
             ... wielding a +0 flail
              (8 damage)
             ... on level 2 of the Dungeon.
             The game lasted 00:07:16 (2443 turns).

Zonian the Digger (Gargoyle Earth Elementalist)     Turns: 2443, Time: 00:07:17

Health: -1/24      AC:  6    Str: 11    XL:     4   Next: 71%
Magic:  4/7        EV: 11    Int: 18    God:
Gold:   79         SH:  0    Dex: 16    Spells: 7/8 levels left

rFire   . . .        d - +2 falchion (elec) {long}
rCold   . . .        (no shield)
rNeg    + . .        a - +0 robe
rPois   ∞            (no helmet)
rElec   +            (no cloak)
rCorr   .            i - +0 pair of gloves
SInv    .            (no boots)
Will    .....        (no amulet)
Stlth   ++           e - +6 ring of dexterity
HPRegen 0.24/turn    (no ring)
MPRegen 0.10/turn

%: no passive effects
@: no status effects
A: sickness immunity, AC +3, negative energy resistance 1, electricity
resistance, torment resistance 1, petrification resistance
a: no special abilities


You were on level 2 of the Dungeon.
You visited 1 branch of the dungeon, and saw 3 of its levels.

You collected 79 gold pieces.


Innate Abilities, Weirdness & Mutations

You are immune to sickness and miasma.
Your stone body is resilient. (AC +3)
You are immune to poison.
You resist negative energy. (rN+)
You are resistant to electric shocks. (rElec)
You are resistant to unholy torment.
You are immune to petrification.


   Skills:
 - Level 2.2 Dodging
 + Level 3.1 Stealth
 + Level 2.5 Spellcasting
 + Level 2.3 Conjurations
 + Level 4.3 Earth Magic


You had 7 spell levels left.
You knew the following spells:

 Your Spells              Type           Power      Damage    Failure   Level
a - Sandblast             Erth           34%        2d9       3%          1

Your spell library contained the following spells:

 Spells                   Type           Power      Damage    Failure   Level
 Passwall                 Erth           17%        N/A       9%          3
 Stone Arrow              Conj/Erth      28%        3d8       13%         3
 Momentum Strike          Conj/Tloc      12%        3d8       16%         2
 Blink                    Tloc           4%         N/A       26%         2
 Lesser Beckoning         Tloc           4%         N/A       26%         2
 Brom's Barrelling Bould  Conj/Erth      14%        2d4       41%         4
 Petrify                  Alch/Erth      10%        N/A       56%         4

Inventory:

Hand Weapons
 d - a +2 falchion of electrocution (weapon) {long}
   (You took it off an orc on level 3 of the Dungeon)
 f - a +0 club {mace}
   (You took it off a goblin on level 1 of the Dungeon)
 g - a +0 short sword {short}
   (You took it off a kobold on level 1 of the Dungeon)
 q - a +0 lajatang {staff}
   (You found it on level 2 of the Dungeon)
Missiles
 l - 6 javelins {throwing}
Armour
 a - a +0 robe (worn)
 i - a +0 pair of gloves (worn)
   (You found it on level 1 of the Dungeon)
 j - an orb of guile
   (You took it off an orc on level 3 of the Dungeon)
 o - a +0 ring mail
   (You found it on level 2 of the Dungeon)
Jewellery
 e - a +6 ring of dexterity (left hand)
   (You found it on level 1 of the Dungeon)
Wands
 p - a wand of charming (3)
   (You found it on level 3 of the Dungeon)
Scrolls
 k - a scroll of teleportation {@r4}
Potions
 b - 2 potions of magic
 c - a potion of mutation {!q}
 h - a potion of attraction {!q}
 m - a potion of haste {@q3}
 n - a potion of curing {unknown}

Dungeon Overview and Level Annotations

Branches:
Dungeon (3/15) Zot: 15520

Altars:
Hepliaklqana

Annotations:
D:2 1 runed translucent door, Crazy Yiuf

#............#.#
#............#.#
#............'.###########
#............#)....)......
#...............#######...
######'##+###...#######...
#.##.....#.##....'...
#.##..######...###...
#.#o@.####...###.'...
#.#...##...### ###...
#.#...#...## ####
#.#.####...###
#.#.######...### #.#...#
###...# #.#...####...### #
#.'...##...### ####
###...#...## #...


You could see an orc.


Message History

😎 MP[-1]
You lost 1 mp, and now have 3/7 mp.
You can't see any susceptible monsters within range! (Use Z to cast anyway.)
You can't see any susceptible monsters within range! (Use Z to cast anyway.) Unknown command.
A rat comes into view.
An adder comes into view. 😎 MP[+1]
You see here 6 javelins {throwing}.
l - 6 javelins {throwing}
p - a wand of charming (3) 😎 MP[+3]
Your mp is fully restored (7).
Unknown command.
The rat squeaks loudly.
Unknown command.
The blast of sand hits the rat!
You kill the rat!
The adder hisses angrily. 😎 MP[-1]
You lost 1 mp, and now have 6/7 mp.
The blast of sand hits the adder! 😎 MP[-1]
You lost 1 mp, and now have 5/7 mp.
The blast of sand hits the adder!
You kill the adder!
A bat comes into view. 😎 MP[-1]
You lost 1 mp, and now have 4/7 mp.
The blast of sand hits the bat!
You kill the bat! 😎 MP[-1]
You lost 1 mp, and now have 3/7 mp.
You can't see any susceptible monsters within range! (Use Z to cast anyway.) Unknown command.
You start resting.
You start resting. 😎 MP[+4]
Your mp is fully restored (7).
Unknown command.
You see here a +0 dagger {short}.
Key pressed, stopping explore.
Found a stone staircase leading up.
Unknown command.
A rat comes into view.
The rat squeaks loudly.
An orc comes into view. It is wielding a +0 club.
There are monsters nearby!
Unknown command.
An orc comes into view. It is wielding a +0 flail.
The orc shouts!
The blast of sand hits the rat!
You kill the rat!
An orc priest comes into view.
It is wielding a +2 short sword of draining.
The blast of sand hits the orc!
You kill the orc!
The orc priest shouts!
You hear a shout! x3
The orc priest invokes the aid of Beogh against you.
Beogh smites you!
Ouch! That really hurt!
* * * LOW HITPOINT WARNING * * *
The orc priest shouts, "Surrender to Beogh and we'll let you live!" (press Y on the ability menu to convert to Beogh) 😨 HP[-14] MP[-2]
You take 14 damage, and now have 10/24 hp.
MASSIVE DAMAGE!! (PAUSE)
You lost 2 mp, and now have 5/7 mp.
The orc attacks as it pursues you! The orc hits you but does no damage.
Unknown command.
The orc barely misses you.
There is a stone staircase leading up here. 😨 HP[+1] Unknown command.
The orc barely misses you.
You climb upwards.
Level annotation: 1 runed translucent door, Crazy Yiuf
There is a stone staircase leading down here.
Unknown command.
You are too injured to fight recklessly!
You are too injured to fight recklessly!
You are too injured to fight recklessly!
Unknown command.
Casting: Sandblast (safe; 3% risk of failure)
Confirm with . or Enter, or press ? or * to list all spells.
Aiming: Sandblast (safe; 3% risk of failure)
Press: ? - help, Shift-Dir - straight line, f - orc
Aim: an orc, wielding a +0 flail and wearing a +0 ring mail (84% to hit)
The blast of sand hits the orc.
The orc hits you with a +0 flail.
* * * LOW HITPOINT WARNING * * *
😨 HP[-4]
You take 4 damage, and now have 7/24 hp.
Unknown command.
Casting: Sandblast (safe; 3% risk of failure)
Confirm with . or Enter, or press ? or * to list all spells.
Aiming: Sandblast (safe; 3% risk of failure)
Press: ? - help, Shift-Dir - straight line, f/p - orc
Aim: an orc, wielding a +0 flail and wearing a +0 ring mail (severely wounded, 84% to hit)
The blast of sand hits the orc but does no damage.
The orc hits you with a +0 flail!
You die...

Skill      XL: |  1  2  3  4 |
---------------+-------------+-----
Dodging        | 2 |  2.2
Earth Magic    | 4 |  4.3
Conjurations   | 2 |  2.3
Stealth        | 3 |  3.1
Spellcasting   | |  2.5

Action                     |  1- 3 |  4- 6 || total
---------------------------+-------+-------++-------
  Melee: Club              |     4 |       ||     4
         Short sword       |    34 |     7 ||    41
         Falchion          |       |     8 ||     8
   Cast: Sandblast         |    36 |    32 ||    68
    Use: Scroll            |       |     9 ||     9
   Stab: Sleeping          |     2 |     1 ||     3
 Armour: Robe              |    38 |    14 ||    52
  Dodge: Dodged            |    27 |    23 ||    50

Levels and vault maps discovered:
D:1:      orjb1_lava_funnel, layout_basic, minmay_misc_feat_four_crosses,
          minmay_vboxes
D:2:      layout_basic, serial_curves, eino_curves_03, eino_curves_04,
          uniq_crazy_yiuf_cottage
D:3:      layout_rooms, hellmonk_overflow_destroyed_library,
          mainiacjoe_overflow_tiny_flanked, chequers_serial_rivers_small_b,
          uniq_robin

Notes
Turn   | Place    | Note
-------+----------+-------------------------------------------
     0 | D:1      | Zonian the Gargoyle Earth Elementalist began the quest for
                  | the Orb.
     0 | D:1      | Reached XP level 1. HP: 10/10 MP: 3/3
     0 | D:1      | magus.rc [v1.9.6]
    76 | D:1      | Reached XP level 2. HP: 12/15 MP: 0/5
   411 | D:1      | You pick up a book of Spatial Translocations and begin
                  | reading...
   411 | D:1      | You add the spells Blink, Momentum Strike and Lesser
                  | Beckoning to your library.
   516 | D:1      | Reached XP level 3. HP: 19/19 MP: 1/6
   748 | D:1      | Reached skill level 2 in Dodging
   748 | D:1      | Reached skill level 4 in Earth Magic
  1210 | D:2      | Reached skill level 2 in Conjurations
  1210 | D:2      | Reached XP level 4. HP: 24/24 MP: 5/7
  1281 | D:2      | Found a runed translucent door.
  1282 | D:2      | Noticed Crazy Yiuf
  2134 | D:3      | Found a hazy altar of Hepliaklqana.
  2189 | D:3      | Reached skill level 3 in Stealth
  2443 | D:2      | Slain by an orc

Vanquished Creatures
  3 adders
  2 dart slugs (D:1)
  8 orcs (D:3)
  2 endoplasms
  A giant cockroach (D:2)
  5 goblins
  7 hobgoblins
  6 kobolds
  5 quokkas
  7 ball pythons
  4 bats
  2 frilled lizards (D:1)
  7 rats
59 creatures vanquished.

Table legend:
 A = Non-vault XP
 B = Vault XP
 C = Vault XP percentage of total XP
 D = Non-vault monster count
 E = Vault monster count
 F = Vault count percentage of total count
                 A         B        C        D         E       F
            +---------+---------+-------+---------+---------+-------
      Total |     131 |      10 |   7.1 |      53 |       6 |  10.2
            +---------+---------+-------+---------+---------+-------
        D:1 |      41 |      10 |  19.6 |      24 |       6 |  20.0
        D:2 |      43 |       0 |   0.0 |      12 |       0 |   0.0
        D:3 |      47 |       0 |   0.0 |      17 |       0 |   0.0
            +---------+---------+-------+---------+---------+-------

Skill      XL: |  1  2  3  4 |
---------------+-------------+-----
Dodging        | 2 |  2.2
Earth Magic    | 4 |  4.3
Conjurations   | 2 |  2.3
Stealth        | 3 |  3.1
Spellcasting   | |  2.5

Action                     |  1- 3 |  4- 6 || total
---------------------------+-------+-------++-------
  Melee: Club              |     4 |       ||     4
         Short sword       |    34 |     7 ||    41
         Falchion          |       |     8 ||     8
   Cast: Sandblast         |    36 |    32 ||    68
    Use: Scroll            |       |     9 ||     9
   Stab: Sleeping          |     2 |     1 ||     3
 Armour: Robe              |    38 |    14 ||    52
  Dodge: Dodged            |    27 |    23 ||    50

Illustrated notes

Table legend:
 A = Kills in this place as a percentage of kills in the entire game.
 B = Kills by you in this place as a percentage of kills by you in the entire game.
 C = Kills by friends in this place as a percentage of kills by friends in the entire game.
 D = Other kills in this place as a percentage of other kills in the entire game.
 E = Experience gained in this place as a percentage of experience gained in the entire game.
 F = Experience gained in this place divided by the number of levels of this place that you have seen.
                   A       B       C       D       E      F
               +-------+-------+-------+-------+-------+----------------------
         Total | 100.0 | 100.0 |   N/A |   N/A | 100.0 |  47.0
       Dungeon | 100.0 | 100.0 |   N/A |   N/A | 100.0 |  47.0
               +-------+-------+-------+-------+-------+----------------------

Table legend: (Time is in decaauts)
 A = Elapsed time spent in this place.
 B = Non-inter-level travel time spent in this place.
 C = Inter-level travel time spent in this place.
 D = Time resting spent in this place.
 E = Time spent auto-exploring this place.
 F = Levels seen in this place.
 G = Mean time per level.
                   A        B        C        D        E       F      G
               +--------+--------+--------+--------+--------+-----+--------+
         Total |   2478 |   2449 |     29 |    456 |   1415 |   3 |  826.0 |
       Dungeon |   2478 |   2449 |     29 |    456 |   1415 |   3 |  826.0 |
               +--------+--------+--------+--------+--------+-----+--------+

Top non-repeatable levels by time:
     D:2: 1265 daAuts
     D:1: 891 daAuts
     D:3: 320 daAuts
